 Dungeon Crawl Stone Soup version 0.19.5 (webtiles) character file.

4364 shotgunpete the Carver (level 10, -3/88 HPs)
             Began as a Minotaur Fighter on May 14, 2017.
             Was a Priest of Zin.
             Slain by Erica
             ... wielding a +4 scimitar of flaming
              (6 damage)
             ... on level 8 of the Dungeon on May 15, 2017.
             The game lasted 01:06:55 (7041 turns).

shotgunpete the Carver (Minotaur Fighter)           Turns: 7041, Time: 01:06:56

Health: -3/88      AC: 12    Str: 25    XL:     10   Next: 12%
Magic:  21/21      EV:  6    Int:  7    God:    Zin [***...]
Gold:   235        SH: 10    Dex: 13    Spells: 0 memorised, 9 levels left

rFire  . . .     SeeInvis .     p - +0 long sword (slice)
rCold  . . .     Gourm    .     h - +0 chain mail
rNeg   . . .     Faith    .     c - +0 shield
rPois  ∞         Spirit   .     (helmet restricted)
rElec  .         Reflect  .     m - +0 cloak
rCorr  .         Harm     .     C - +0 pair of gloves
MR     .....                    (no boots)
Stlth  ..........               (no amulet)
                                (no ring)
                                u - ring of magical power

@: vitalised, drained
A: retaliatory headbutt, horns 2
a: Recite, Vitalisation, Imprison, Donate Gold, Renounce Religion


You were on level 8 of the Dungeon.
You worshipped Zin.
Zin was most pleased with you.
You were not hungry.

You visited 2 branches of the dungeon, and saw 9 of its levels.

You collected 371 gold pieces.
You spent 110 gold pieces at shops.
You donated 26 gold pieces to Zin.

Inventory:

Hand Weapons
 a - a +1 long sword
 p - a +0 long sword of slicing (weapon)
 x - a +3 great sword
Missiles
 e - 7 javelins (quivered)
Armour
 b - a +0 scale mail
 c - a +0 shield (worn)
 h - a +0 chain mail (worn)
 m - a +0 cloak (worn)
 C - a +0 pair of gloves (worn)
Jewellery
 u - a ring of magical power (left hand)
 w - an uncursed amulet of harm
Wands
 n - a wand of iceblast (3/15)
 s - a wand of polymorph (16/24)
Scrolls
 d - 2 scrolls of magic mapping
 g - 2 scrolls of fear
 k - 2 scrolls of teleportation
 l - 5 scrolls of remove curse
 r - 2 scrolls of enchant weapon
 y - a scroll of enchant armour {unknown}
 z - a scroll of amnesia
 E - 2 scrolls of identify
 G - a scroll of random uselessness {unknown}
Potions
 j - 2 potions of brilliance
 o - 3 potions of curing
 q - a potion of flight
 B - a potion of magic {unknown}
Comestibles
 f - 9 bread rations
 i - 2 slices of pizza
 t - 2 royal jellies
 A - 3 chunks of flesh
 D - a meat ration
 F - 6 beef jerkies


   Skills:
 + Level 7.9(7.7) Fighting
 * Level 13.1(12.9) Long Blades
 - Level 6.2(6.0) Armour
 - Level 5.0(4.8) Shields
 + Level 5.2(5.0) Invocations


You had 9 spell levels left.
You didn't know any spells.

Dungeon Overview and Level Annotations

Branches:
Dungeon (8/15)             Temple (1/1) D:5
   Lair: D:8-11

Altars:
Ashenzari
Cheibriados
Dithmenos
Elyvilon
Fedhas
Gozag
Hepliaklqana
Kikubaaqudgha
Makhleb
Nemelex Xobeh
Okawaru
Qazlal
Ru
Sif Muna
Trog
Uskayaw
Xom
Zin
The Shining One

Shops:
D:4 !

Annotations:
D:8 Erica


Innate Abilities, Weirdness & Mutations

You reflexively headbutt those who attack you in melee.
You have a pair of horns on your head.


Message History

The orb of energy hits you!
* * * LOW HITPOINT WARNING * * *
The orb of energy explodes!
You feel much better.
You hear some strange, mumbled words.
Something tries to affect you, but you resist.
You barely miss something. Your headbutt misses something. Something hits you!!
* * * LOW HITPOINT WARNING * * *
Something burns you.
* * * LOW HITPOINT WARNING * * *
You closely miss something. You hit something. Something hits you!
* * * LOW HITPOINT WARNING * * *
Something burns you.
* * * LOW HITPOINT WARNING * * *
You hit something but do no damage. Your headbutt misses something.
You hear some strange, mumbled words.
Something tries to affect you, but you resist.
You miss something. Your headbutt misses something. Something hits you.
You die...

#..## ##+## ...
##...## #.# ##.....##
###.# ##.......##
##.#.###
#.........####......##
+........)†......#....
#.........####......##
#...@...## ##....##
##..{..## ##.###
##...## #.# ##'## #.#
#.# #.# #.# .# ...
#...# .....


There were no monsters in sight!

Vanquished Creatures
  Prince Ribbit (D:8)
  Grinder (D:6)
  A hornet (D:7)
  A hippogriff (D:8)
  A shadow (D:8)
  Edmund (D:4)
  A soldier ant (D:7)
  3 sky beasts
  An orc warrior (D:7)
  2 ice beasts (D:6)
  2 necrophages
  2 phantoms
  3 ogres
  A centaur (D:6)
  5 bullfrogs
  2 big kobolds (D:7)
  Blork the orc (D:6)
  A scorpion (D:4)
  A water moccasin skeleton (D:6)
  5 wights (D:6)
  A howler monkey (D:6)
  5 crimson imps
  2 bullfrog zombies (D:7)
  A centaur zombie (D:7)
  2 jellies (D:6)
  3 hounds
  5 orc wizards
  4 bullfrog skeletons
  3 iguanas
  4 worker ants
  A killer bee zombie (D:8)
  2 hound skeletons
  A worker ant zombie (D:3)
  3 gnolls (D:6)
  7 adders
  A shadow imp (D:6)
  An adder skeleton (D:6)
  4 worms
  2 dart slugs (D:1)
  4 leopard geckos
  22 orcs
  12 bats
  7 giant cockroaches
  7 goblins
  6 hobgoblins
  9 jackals
  2 quokkas (D:4)
  6 frilled lizards
  A jackal skeleton (D:5)
  9 kobolds
  A leopard gecko skeleton (D:4)
  A quokka zombie (D:5)
  8 rats
183 creatures vanquished.

Notes
Turn   | Place    | Note
-------+----------+-------------------------------------------
     0 | D:1      | shotgunpete the Minotaur Fighter began the quest for the Orb.
     0 | D:1      | Reached XP level 1. HP: 19/19 MP: 0/0
   168 | D:1      | Reached skill level 3 in Long Blades
   209 | D:1      | Reached XP level 2. HP: 26/26 MP: 1/1
   529 | D:1      | Reached skill level 4 in Long Blades
   602 | D:1      | Reached XP level 3. HP: 30/31 MP: 2/2
  1111 | D:2      | Reached skill level 5 in Long Blades
  1254 | D:3      | Reached XP level 4. HP: 39/39 MP: 3/3
  1274 | D:3      | Noticed a sky beast
  1282 | D:3      | Killed a sky beast
  1282 | D:3      | Reached skill level 6 in Long Blades
  1282 | D:3      | Reached XP level 5. HP: 36/45 MP: 4/4
  1377 | D:3      | Found an iron altar of Okawaru.
  1570 | D:3      | Reached skill level 7 in Long Blades
  1897 | D:4      | Reached XP level 6. HP: 42/51 MP: 5/5
  1981 | D:4      | Noticed Edmund
  2020 | D:4      | Killed Edmund
  2020 | D:4      | Reached skill level 8 in Long Blades
  2202 | D:4      | Found Seigrier's Distillery.
  2211 | D:4      | Found an opulent altar of Gozag.
  2246 | D:4      | Bought a potion of heal wounds for 55 gold pieces
  2246 | D:4      | Bought a potion of heal wounds for 55 gold pieces
  2267 | D:4      | Reached skill level 9 in Long Blades
  2267 | D:4      | Reached XP level 7. HP: 36/57 MP: 6/6
  2579 | D:5      | Entered Level 5 of the Dungeon
  2920 | D:5      | Found a white marble altar of Elyvilon.
  3441 | D:5      | Found a staircase to the Ecumenical Temple.
  3594 | Temple   | Entered the Ecumenical Temple
  3679 | Temple   | Became a worshipper of Zin the Law-Giver
  3679 | Temple   | Reached * piety under Zin
  3884 | D:6      | Reached skill level 5 in Shields
  3930 | D:6      | Found a burning altar of Makhleb.
  3957 | D:6      | Reached skill level 10 in Long Blades
  3957 | D:6      | Reached XP level 8. HP: 64/66 MP: 7/7
  3983 | D:6      | Noticed Blork the orc
  3992 | D:6      | Reached skill level 5 in Armour
  3992 | D:6      | Reached skill level 1 in Invocations
  3994 | D:6      | Killed Blork the orc
  4251 | D:6      | Reached skill level 5 in Fighting
  4300 | D:6      | Noticed Grinder
  4313 | D:6      | Paralysed by Grinder for 2 turns
  4319 | D:6      | Killed Grinder
  4584 | D:6      | Reached skill level 11 in Long Blades
  4611 | D:6      | Reached ** piety under Zin
  4741 | D:6      | Reached XP level 9. HP: 68/75 MP: 10/10
  4752 | D:6      | Found a snail-covered altar of Cheibriados.
  4997 | D:6      | Found a deep blue altar of Sif Muna.
  5000 | D:6      | Found a sparkling altar of Nemelex Xobeh.
  5003 | D:6      | Found a shattered altar of Ashenzari.
  5491 | D:7      | Reached skill level 12 in Long Blades
  6679 | D:8      | Noticed Prince Ribbit
  6802 | D:8      | Killed Prince Ribbit
  6802 | D:8      | Reached skill level 5 in Invocations
  6802 | D:8      | Reached XP level 10. HP: 88/88 MP: 12/12
  6839 | D:8      | Reached skill level 13 in Long Blades
  6873 | D:8      | Reached *** piety under Zin
  7016 | D:8      | Noticed Erica
  7039 | D:8      | HP: 2/88 [something (5)]
  7041 | D:8      | Slain by Erica

Skill      XL: |  1  2  3  4  5  6  7  8  9 10 |
---------------+-------------------------------+-----
Long Blades    | 3 4 5 6 7 9 10 11 12 13 | 13.1
Armour         | 4 6 |  6.2
Shields        | 4 5 |  5.0
Fighting       | 4 5 7 |  7.9
Invocations    | 3 5 |  5.2

Action                   |  1- 3 |  4- 6 |  7- 9 | 10-12 || total
-------------------------+-------+-------+-------+-------++-------
Melee: Long sword        |   102 |   124 |   360 |    33 ||   619
       Headbutt          |    12 |    24 |    63 |     8 ||   107
Throw: Javelin           |       |       |     4 |       ||     4
Invok: Recite            |       |       |    18 |     2 ||    20
       Vitalisation      |       |       |       |     1 ||     1
Evoke: Wand              |       |       |     2 |     2 ||     4
  Use: Scroll            |     4 |     4 |     4 |       ||    12
       Potion            |       |     2 |       |     2 ||     4
 Stab: Confused          |       |       |     1 |       ||     1
  Eat: Chunk             |     1 |     4 |    10 |     1 ||    16
       Pizza             |       |       |     2 |       ||     2
       Beef jerky        |       |       |     1 |       ||     1
Armor: Scale mail        |    51 |    27 |       |       ||    78
       Skin              |       |    13 |       |       ||    13
       Chain mail        |       |     6 |   113 |     9 ||   128
Dodge: Dodged            |    28 |    12 |    41 |     9 ||    90
Block: Shield            |    41 |    46 |   131 |     9 ||   227
       Rpst.: Long sword |     5 |     3 |    10 |       ||    18
